[ AOE2 MATCH · #483386908 ]
Team RMPoles vs Bohemians
[ REPLAY ANALYSIS · EXTRACTED FROM THE RECORDED GAME ]
Feudal
13:27
Castle
17:36
Imperial
32:33
| APM avg | 24.9 |
| APM peak | 96 |
| eAPM avg | 16.2 |
| Villagers / military | 118 / 421 |
Focus
⚔️ 43.0% · 🌾 57.0%
Archer ×172 · Scout Cavalry ×169 · Obuch ×53 · Knight ×12 · Trade Cart ×10 · Trebuchet (Packed) ×9
Feudal
10:32
Castle
18:38
Imperial
32:50
| APM avg | 21.6 |
| APM peak | 51 |
| eAPM avg | 14.7 |
| Villagers / military | 103 / 267 |
Focus
⚔️ 52.0% · 🌾 48.0%
Spearman ×103 · Scout Cavalry ×73 · Scorpion ×30 · Battering Ram ×28 · Boyar ×22 · Militia ×9
Feudal
10:10
Castle
22:43
Imperial
33:39
| APM avg | 22.5 |
| APM peak | 69 |
| eAPM avg | 12.6 |
| Villagers / military | 118 / 478 |
Focus
⚔️ 41.3% · 🌾 58.7%
Scout Cavalry ×161 · Kipchak ×157 · Spearman ×71 · Camel Scout ×61 · Unknown (1260) ×35 · Skirmisher ×10
Feudal
10:47
Castle
17:23
Imperial
31:37
| APM avg | 39.2 |
| APM peak | 108 |
| eAPM avg | 21.1 |
| Villagers / military | 128 / 271 |
Focus
⚔️ 27.7% · 🌾 72.3%
Skirmisher ×169 · War Elephant ×83 · Trade Cart ×20 · Knight ×19
Feudal
11:09
Castle
17:22
Imperial
29:35
| APM avg | 20.5 |
| APM peak | 53 |
| eAPM avg | 16.2 |
| Villagers / military | 150 / 182 |
Focus
⚔️ 24.4% · 🌾 75.6%
Spearman ×97 · Militia ×35 · Skirmisher ×32 · Unknown (1260) ×11 · Jaguar Warrior ×9 · Monk ×5
Feudal
11:03
Castle
14:40
Imperial
27:34
| APM avg | 57.1 |
| APM peak | 95 |
| eAPM avg | 30.9 |
| Villagers / military | 143 / 239 |
Focus
⚔️ 20.3% · 🌾 79.7%
Spearman ×188 · Bombard Cannon ×20 · Hand Cannoneer ×15 · Hussite Wagon ×14 · Monk ×2
Match map
Initial resources + every placement click. Lines = walls · curves = elevation contours. ◆ gold · ⬟ stone · ● berries · ✦ relic · ◌ wall gap
Your base· ✓ Closed at 17:36 · 0t walls · 3 gate(s)
evil monkey's base· ✓ Closed at 18:38 · 0t walls · 3 gate(s)
hekanic's base· ✓ Closed at 22:43 · 0t walls · 3 gate(s)
Yuanchi's base· ✓ Closed at 17:23 · 0t walls · 2 gate(s)
okarpit's base· ✓ Closed at 17:22 · 0t walls · 2 gate(s)
1lac's base· ✓ Closed at 14:40 · 0t walls · 2 gate(s)
Smoothed initial terrain · ◌ = detected wall gap · hover for details
Inputs per minute
— COCO - - evil monkey
Build order — COCO
First 150 of 423 actions detected
| 0:01 | Create | Villager (Male) |
| 0:01 | Create | Villager (Male) |
| 0:01 | Create | Villager (Male) |
| 0:01 | Create | Villager (Male) |
| 0:06 | Build | House |
| 0:31 | Build | House |
| 0:32 | Build | House |
| 0:32 | Build | House |
| 1:28 | Create | Villager (Male) |
| 1:55 | Create | Villager (Male) |
| 2:26 | Create | Villager (Male) |
| 2:51 | Create | Villager (Male) |
| 3:02 | Create | Villager (Male) |
| 3:20 | Create | Villager (Male) |
| 3:40 | Create | Villager (Male) |
| 4:12 | Create | Villager (Male) |
| 4:24 | Create | Villager (Male) |
| 4:48 | Create | Villager (Male) |
| 5:15 | Create | Villager (Male) |
| 5:15 | Create | Villager (Male) |
| 5:16 | Create | Villager (Male) |
| 5:17 | Create | Villager (Male) |
| 5:26 | Build | Mill |
| 5:31 | Create | Villager (Male) |
| 5:31 | Create | Villager (Male) |
| 6:31 | Create | Villager (Male) |
| 6:31 | Create | Villager (Male) |
| 6:49 | Build | Mill |
| 7:41 | Build | Lumber Camp |
| 7:51 | Create | Villager (Male) |
| 7:51 | Create | Villager (Male) |
| 8:28 | Create | Villager (Male) |
| 8:44 | Create | Villager (Male) |
| 8:51 | Create | Villager (Male) |
| 9:16 | Build | Mining Camp |
| 9:27 | Research | Feudal Age |
| 9:34 | Create | Villager (Male) |
| 9:40 | Create | Villager (Male) |
| 9:45 | Research | Feudal Age |
| 10:28 | Build | Farm |
| 10:29 | Build | Farm |
| 10:38 | Build | Farm |
| 10:39 | Build | Farm |
| 10:40 | Build | Farm |
| 10:41 | Build | Farm |
| 11:19 | Build | Mill |
| 12:36 | Build | Mill |
| 12:54 | Create | Villager (Male) |
| 12:57 | Create | Villager (Male) |
| 13:23 | Create | Villager (Male) |
| 13:27 | Age | Feudal Age |
| 13:37 | Build | Blacksmith |
| 13:43 | Build | Barracks |
| 14:24 | Build | Stable |
| 14:56 | Research | Castle Age |
| 14:56 | Research | Castle Age |
| 15:01 | Build | Archery Range |
| 15:07 | Research | Bloodlines |
| 15:43 | Create | Militia |
| 15:49 | Create | Archer |
| 15:49 | Create | Archer |
| 15:54 | Create | Villager (Male) |
| 15:54 | Create | Villager (Male) |
| 15:59 | Research | Double-Bit Axe |
| 16:04 | Research | Horse Collar |
| 16:18 | Create | Spearman |
| 16:18 | Create | Spearman |
| 17:10 | Research | Forging |
| 17:36 | Age | Castle Age |
| 17:38 | Build | Town Center |
| 17:43 | Build | Town Center |
| 17:48 | Create | Knight |
| 17:48 | Create | Knight |
| 17:48 | Create | Knight |
| 17:55 | Research | Pikeman (upgrade) |
| 18:06 | Research | Crossbowman (upgrade) |
| 18:24 | Create | Villager (Male) |
| 19:06 | Create | Villager (Male) |
| 19:06 | Create | Villager (Male) |
| 19:06 | Create | Villager (Male) |
| 19:26 | Build | Farm |
| 19:27 | Build | Farm |
| 19:28 | Build | Farm |
| 19:33 | Build | Farm |
| 19:34 | Create | Villager (Male) |
| 19:34 | Create | Villager (Male) |
| 19:40 | Build | Farm |
| 19:45 | Build | Farm |
| 19:53 | Create | Archer |
| 19:53 | Create | Archer |
| 19:54 | Create | Archer |
| 19:54 | Create | Archer |
| 19:57 | Create | Villager (Male) |
| 19:57 | Create | Villager (Male) |
| 20:05 | Build | Mining Camp |
| 20:07 | Create | Villager (Male) |
| 20:12 | Create | Villager (Male) |
| 20:25 | Build | Farm |
| 20:42 | Create | Knight |
| 20:42 | Create | Knight |
| 20:45 | Research | Light Cavalry (upgrade) |
| 20:45 | Create | Scout Cavalry |
| 20:45 | Create | Scout Cavalry |
| 21:00 | Build | Farm |
| 21:01 | Create | Villager (Male) |
| 21:01 | Create | Villager (Male) |
| 21:24 | Create | Villager (Male) |
| 21:24 | Create | Villager (Male) |
| 21:24 | Create | Villager (Male) |
| 21:24 | Create | Villager (Male) |
| 21:38 | Create | Archer |
| 21:39 | Create | Archer |
| 21:53 | Create | Knight |
| 22:08 | Research | Scale Mail Armor |
| 22:11 | Research | Padded Archer Armor |
| 22:13 | Build | Farm |
| 22:14 | Create | Villager (Male) |
| 22:14 | Create | Villager (Male) |
| 22:20 | Create | Villager (Male) |
| 22:20 | Create | Villager (Male) |
| 22:42 | Create | Villager (Male) |
| 22:42 | Create | Villager (Male) |
| 22:48 | Create | Villager (Male) |
| 22:52 | Build | House |
| 22:52 | Build | House |
| 22:53 | Build | House |
| 23:05 | Build | House |
| 23:06 | Build | House |
| 23:07 | Build | House |
| 23:09 | Create | Villager (Male) |
| 23:09 | Create | Villager (Male) |
| 23:22 | Build | Farm |
| 23:24 | Build | Farm |
| 23:25 | Build | Farm |
| 23:26 | Create | Villager (Male) |
| 23:26 | Create | Villager (Male) |
| 23:46 | Research | Heavy Plow |
| 24:02 | Build | Mill |
| 24:06 | Build | Farm |
| 24:07 | Build | Farm |
| 24:08 | Build | Farm |
| 24:09 | Create | Villager (Male) |
| 24:10 | Create | Villager (Male) |
| 24:16 | Create | Villager (Male) |
| 24:26 | Create | Scout Cavalry |
| 24:26 | Create | Scout Cavalry |
| 24:27 | Create | Scout Cavalry |
| 24:40 | Build | Monastery |
| 24:43 | Create | Villager (Male) |
| 24:43 | Create | Villager (Male) |
Build order — evil monkey
First 150 of 510 actions detected
| 0:02 | Build | House |
| 0:05 | Build | House |
| 0:05 | Create | Villager (Male) |
| 0:06 | Create | Villager (Male) |
| 0:06 | Create | Villager (Male) |
| 0:06 | Create | Villager (Male) |
| 0:06 | Create | Villager (Male) |
| 1:33 | Create | Villager (Male) |
| 2:16 | Create | Villager (Male) |
| 2:16 | Create | Villager (Male) |
| 2:16 | Create | Villager (Male) |
| 3:08 | Create | Villager (Male) |
| 3:09 | Create | Villager (Male) |
| 3:21 | Build | House |
| 3:22 | Build | House |
| 3:36 | Create | Villager (Male) |
| 4:00 | Create | Villager (Male) |
| 4:03 | Build | Mill |
| 4:20 | Create | Villager (Male) |
| 4:21 | Create | Villager (Male) |
| 5:26 | Create | Villager (Male) |
| 5:26 | Create | Villager (Male) |
| 6:08 | Create | Villager (Male) |
| 6:09 | Create | Villager (Male) |
| 6:09 | Create | Villager (Male) |
| 6:09 | Create | Villager (Male) |
| 6:19 | Build | Lumber Camp |
| 7:42 | Create | Villager (Male) |
| 8:22 | Research | Feudal Age |
| 9:09 | Build | Lumber Camp |
| 9:14 | Create | Villager (Male) |
| 9:15 | Create | Villager (Male) |
| 9:15 | Create | Villager (Male) |
| 10:32 | Age | Feudal Age |
| 10:35 | Build | House |
| 10:36 | Build | House |
| 11:02 | Build | Mining Camp |
| 11:08 | Create | Villager (Male) |
| 11:22 | Build | House |
| 11:24 | Build | House |
| 11:33 | Build | Farm |
| 12:01 | Build | Barracks |
| 12:18 | Build | Farm |
| 12:22 | Create | Villager (Male) |
| 12:23 | Create | Villager (Male) |
| 12:25 | Create | Villager (Male) |
| 12:34 | Build | Market |
| 12:48 | Create | Villager (Male) |
| 12:53 | Build | Farm |
| 13:12 | Build | Blacksmith |
| 13:17 | Build | Farm |
| 13:42 | Build | House |
| 13:43 | Build | House |
| 13:50 | Build | Farm |
| 13:53 | Create | Villager (Male) |
| 14:08 | Build | Farm |
| 14:17 | Build | Farm |
| 14:24 | Research | Horse Collar |
| 14:46 | Create | Spearman |
| 14:46 | Create | Spearman |
| 14:56 | Build | Farm |
| 15:02 | Create | Villager (Male) |
| 15:09 | Build | Farm |
| 15:21 | Create | Villager (Male) |
| 15:28 | Build | Farm |
| 15:31 | Build | Farm |
| 15:58 | Research | Castle Age |
| 16:14 | Create | Spearman |
| 16:16 | Create | Spearman |
| 16:48 | Build | Farm |
| 16:49 | Build | Farm |
| 16:50 | Build | Farm |
| 18:38 | Age | Castle Age |
| 18:40 | Build | Town Center |
| 18:48 | Build | Town Center |
| 18:53 | Research | Double-Bit Axe |
| 18:54 | Create | Villager (Male) |
| 18:54 | Create | Villager (Male) |
| 18:55 | Create | Villager (Male) |
| 18:56 | Create | Villager (Male) |
| 18:56 | Create | Villager (Male) |
| 19:12 | Create | Villager (Male) |
| 19:28 | Create | Villager (Male) |
| 19:28 | Create | Villager (Male) |
| 19:28 | Create | Villager (Male) |
| 19:29 | Create | Villager (Male) |
| 19:29 | Create | Villager (Male) |
| 19:49 | Create | Villager (Male) |
| 19:51 | Create | Villager (Male) |
| 19:51 | Create | Villager (Male) |
| 19:52 | Create | Villager (Male) |
| 19:53 | Create | Villager (Male) |
| 19:54 | Research | Wheelbarrow |
| 19:56 | Research | Loom |
| 19:57 | Research | Town Watch |
| 20:27 | Build | Monastery |
| 20:33 | Create | Villager (Male) |
| 20:36 | Build | Mill |
| 20:38 | Build | Farm |
| 20:39 | Build | Farm |
| 20:45 | Research | Heavy Plow |
| 20:49 | Create | Villager (Male) |
| 21:11 | Build | Farm |
| 21:17 | Build | Farm |
| 21:20 | Create | Villager (Male) |
| 21:21 | Create | Villager (Male) |
| 21:22 | Create | Villager (Male) |
| 21:23 | Create | Villager (Male) |
| 21:23 | Create | Villager (Male) |
| 22:06 | Build | Mining Camp |
| 22:11 | Research | Gold Mining |
| 22:11 | Research | Stone Mining |
| 22:13 | Create | Villager (Male) |
| 22:13 | Create | Villager (Male) |
| 22:18 | Build | Mining Camp |
| 22:27 | Create | Villager (Male) |
| 22:27 | Create | Villager (Male) |
| 22:31 | Create | Villager (Male) |
| 22:34 | Build | Farm |
| 22:40 | Build | Farm |
| 22:42 | Build | Farm |
| 22:42 | Build | Farm |
| 23:05 | Research | Pikeman (upgrade) |
| 23:14 | Create | Villager (Male) |
| 23:16 | Create | Villager (Male) |
| 23:19 | Create | Villager (Male) |
| 23:20 | Create | Villager (Male) |
| 23:24 | Build | Farm |
| 23:26 | Build | Farm |
| 23:27 | Build | Farm |
| 23:30 | Build | Farm |
| 23:37 | Research | Man-at-Arms (upgrade) |
| 23:42 | Build | Barracks |
| 23:44 | Build | Barracks |
| 23:48 | Create | Militia |
| 23:48 | Create | Militia |
| 24:00 | Research | Scale Mail Armor |
| 24:14 | Research | Squires |
| 24:22 | Create | Militia |
| 24:22 | Create | Militia |
| 24:24 | Create | Militia |
| 24:27 | Build | Farm |
| 24:34 | Create | Villager (Male) |
| 24:35 | Create | Villager (Male) |
| 24:39 | Build | Mill |
| 24:40 | Build | Farm |
| 24:41 | Build | Farm |
| 24:42 | Build | Farm |
| 24:43 | Build | Farm |
| 24:51 | Create | Militia |
Build order — hekanic
First 150 of 369 actions detected
| 0:04 | Create | Villager (Male) ×4 |
| 0:11 | Build | House |
| 0:38 | Build | House |
| 0:39 | Build | House |
| 0:42 | Build | House |
| 1:34 | Create | Villager (Male) |
| 2:10 | Create | Villager (Male) |
| 2:10 | Create | Villager (Male) |
| 2:24 | Create | Villager (Male) |
| 3:00 | Create | Villager (Male) |
| 3:00 | Create | Villager (Male) |
| 3:16 | Create | Villager (Male) |
| 3:40 | Create | Villager (Male) |
| 3:40 | Create | Villager (Male) |
| 3:59 | Create | Villager (Male) |
| 3:59 | Create | Villager (Male) |
| 4:30 | Create | Villager (Male) |
| 4:30 | Create | Villager (Male) |
| 4:49 | Create | Villager (Male) |
| 4:49 | Create | Villager (Male) |
| 5:27 | Create | Villager (Male) |
| 5:27 | Create | Villager (Male) |
| 5:28 | Create | Villager (Male) |
| 6:01 | Create | Villager (Male) |
| 6:45 | Build | Lumber Camp |
| 7:11 | Build | Mill |
| 7:21 | Create | Villager (Male) |
| 7:58 | Research | Feudal Age |
| 8:20 | Build | House |
| 8:21 | Build | House |
| 8:23 | Build | House |
| 8:50 | Create | Villager (Male) |
| 8:50 | Create | Villager (Male) |
| 9:31 | Build | House |
| 9:57 | Build | House |
| 9:58 | Build | House |
| 9:59 | Build | House |
| 10:00 | Build | House |
| 10:10 | Age | Feudal Age |
| 10:14 | Build | Town Center |
| 10:35 | Research | Double-Bit Axe |
| 10:57 | Create | Villager (Male) |
| 10:58 | Create | Villager (Male) |
| 10:59 | Create | Villager (Male) |
| 11:29 | Create | Villager (Male) ×3 |
| 11:48 | Build | Blacksmith |
| 11:53 | Build | Farm |
| 11:59 | Build | Farm |
| 12:04 | Create | Villager (Male) |
| 12:20 | Build | Farm |
| 12:22 | Build | Farm |
| 12:25 | Create | Villager (Male) |
| 12:40 | Create | Villager (Male) |
| 12:41 | Create | Villager (Male) |
| 12:45 | Build | Farm |
| 12:48 | Build | Farm |
| 13:01 | Build | House |
| 13:05 | Create | Villager (Male) |
| 13:05 | Create | Villager (Male) |
| 13:09 | Build | Farm |
| 13:14 | Build | Farm |
| 13:16 | Research | Loom |
| 13:19 | Create | Villager (Male) |
| 13:33 | Build | Farm |
| 13:39 | Create | Villager (Male) |
| 13:50 | Build | House |
| 13:52 | Create | Villager (Male) |
| 13:59 | Build | Farm |
| 14:08 | Create | Villager (Male) ×2 |
| 14:15 | Build | Farm |
| 14:25 | Build | Barracks |
| 14:29 | Create | Villager (Male) |
| 14:33 | Build | Farm |
| 14:44 | Create | Villager (Male) ×2 |
| 14:49 | Build | Farm |
| 14:59 | Research | Horse Collar |
| 15:13 | Build | House |
| 15:16 | Create | Villager (Male) |
| 15:22 | Build | Farm |
| 15:28 | Create | Villager (Male) ×2 |
| 15:45 | Build | Archery Range |
| 15:48 | Create | Villager (Male) ×2 |
| 15:50 | Build | Farm |
| 16:08 | Create | Villager (Male) ×4 |
| 16:13 | Build | Farm |
| 16:31 | Create | Villager (Male) |
| 16:36 | Build | Farm |
| 16:47 | Build | Archery Range |
| 16:48 | Build | Archery Range |
| 16:55 | Research | Wheelbarrow |
| 16:57 | Create | Villager (Male) |
| 17:09 | Build | Mill |
| 17:12 | Build | Farm |
| 17:13 | Build | Farm |
| 17:20 | Build | Farm |
| 17:25 | Build | Farm |
| 17:28 | Create | Villager (Male) ×3 |
| 17:46 | Build | Farm |
| 17:53 | Build | Mill |
| 18:01 | Build | Farm |
| 18:06 | Build | Farm |
| 18:36 | Build | Archery Range |
| 18:42 | Create | Villager (Male) ×5 |
| 18:52 | Build | Farm |
| 19:08 | Build | Farm |
| 19:26 | Build | Mining Camp |
| 19:36 | Build | Stable |
| 19:38 | Build | Stable |
| 19:39 | Build | Stable |
| 19:40 | Build | Stable |
| 19:46 | Research | Castle Age |
| 19:49 | Create | Villager (Male) |
| 19:49 | Create | Villager (Male) |
| 19:49 | Create | Villager (Male) |
| 19:55 | Build | Mill |
| 20:02 | Research | Fletching |
| 20:16 | Research | Town Watch |
| 20:17 | Create | Villager (Male) |
| 20:17 | Create | Villager (Male) |
| 20:24 | Research | Stone Mining |
| 20:44 | Research | Gold Mining |
| 20:50 | Research | Forging |
| 20:55 | Build | Farm |
| 21:07 | Research | Padded Archer Armor |
| 21:13 | Create | Villager (Male) |
| 21:13 | Create | Villager (Male) |
| 21:33 | Research | Scale Barding Armor |
| 21:48 | Create | Villager (Male) |
| 21:48 | Create | Villager (Male) |
| 21:57 | Build | House |
| 21:58 | Build | House |
| 21:59 | Build | House |
| 22:00 | Build | House |
| 22:01 | Build | House |
| 22:43 | Age | Castle Age |
| 22:44 | Build | Mill |
| 22:50 | Build | Stable |
| 22:51 | Build | Stable |
| 22:52 | Build | Stable |
| 22:54 | Build | Stable |
| 22:59 | Research | Hand Cart |
| 23:06 | Research | Iron Casting |
| 23:10 | Research | Crossbowman (upgrade) |
| 23:12 | Create | Archer ×5 |
| 23:29 | Create | Villager (Male) ×5 |
| 23:35 | Research | Bow Saw |
| 23:40 | Create | Camel Scout ×2 |
| 23:48 | Create | Spearman ×2 |
| 24:03 | Build | University |
| 24:10 | Create | Archer ×4 |
Build order — Yuanchi
First 150 of 331 actions detected
| 0:03 | Create | Villager (Male) ×5 |
| 0:07 | Build | House |
| 0:07 | Build | House |
| 0:30 | Build | House |
| 0:31 | Build | House |
| 1:31 | Create | Villager (Male) |
| 1:47 | Build | Lumber Camp |
| 2:19 | Create | Villager (Male) |
| 2:19 | Create | Villager (Male) |
| 2:33 | Create | Villager (Male) |
| 3:11 | Research | Loom |
| 3:12 | Create | Villager (Male) |
| 3:12 | Create | Villager (Male) |
| 4:31 | Create | Villager (Male) |
| 4:31 | Create | Villager (Male) |
| 4:31 | Create | Villager (Male) |
| 4:47 | Create | Villager (Male) |
| 5:14 | Create | Villager (Male) |
| 5:14 | Create | Villager (Male) |
| 5:15 | Create | Villager (Male) |
| 5:34 | Create | Villager (Male) |
| 6:11 | Create | Villager (Male) |
| 6:32 | Create | Villager (Male) |
| 6:55 | Build | House |
| 7:01 | Build | House |
| 7:10 | Create | Villager (Male) |
| 7:42 | Build | Mill |
| 8:10 | Build | Mill |
| 8:36 | Create | Villager (Male) |
| 8:37 | Create | Villager (Male) |
| 8:37 | Create | Villager (Male) |
| 8:43 | Research | Feudal Age |
| 9:50 | Create | Villager (Male) |
| 9:59 | Create | Villager (Male) |
| 10:11 | Create | Villager (Male) |
| 10:47 | Age | Feudal Age |
| 10:49 | Research | Double-Bit Axe |
| 10:52 | Research | Horse Collar |
| 10:57 | Create | Villager (Male) |
| 11:15 | Build | Mining Camp |
| 11:23 | Build | Blacksmith |
| 11:29 | Build | Market |
| 11:59 | Create | Villager (Male) |
| 11:59 | Create | Villager (Male) |
| 12:10 | Build | Farm |
| 12:10 | Build | Farm |
| 12:10 | Build | Farm |
| 12:10 | Build | Farm |
| 12:28 | Build | Farm |
| 12:29 | Build | Farm |
| 12:29 | Build | Farm |
| 12:29 | Build | Farm |
| 12:29 | Build | Farm |
| 12:29 | Build | Farm |
| 12:35 | Create | Villager (Male) |
| 12:35 | Create | Villager (Male) |
| 13:12 | Build | House |
| 13:13 | Build | House |
| 13:14 | Build | House |
| 13:58 | Build | Farm |
| 13:58 | Build | Farm |
| 13:59 | Build | Farm |
| 13:59 | Build | Farm |
| 14:57 | Research | Castle Age |
| 14:58 | Research | Castle Age |
| 15:21 | Build | Farm |
| 15:21 | Build | Farm |
| 15:21 | Build | Farm |
| 15:22 | Build | Farm |
| 15:36 | Build | Mining Camp |
| 15:52 | Create | Villager (Male) |
| 15:54 | Create | Villager (Male) ×4 |
| 16:20 | Research | Stone Mining |
| 17:12 | Build | Lumber Camp |
| 17:23 | Age | Castle Age |
| 17:45 | Build | Town Center |
| 18:35 | Create | Villager (Male) ×5 |
| 18:50 | Research | Stone Shaft Mining |
| 18:51 | Research | Gold Mining |
| 18:55 | Research | Gold Mining |
| 19:01 | Create | Villager (Male) |
| 19:02 | Create | Villager (Male) |
| 19:11 | Build | Farm |
| 19:28 | Create | Villager (Male) |
| 19:28 | Create | Villager (Male) |
| 19:33 | Create | Villager (Male) |
| 19:38 | Build | Farm |
| 19:38 | Build | Farm |
| 19:39 | Build | Farm |
| 19:39 | Build | Farm |
| 19:45 | Create | Villager (Male) |
| 19:47 | Create | Villager (Male) |
| 20:06 | Research | Heavy Plow |
| 20:44 | Build | Farm |
| 20:44 | Build | Farm |
| 20:44 | Build | Farm |
| 20:44 | Build | Farm |
| 20:50 | Create | Villager (Male) |
| 20:50 | Create | Villager (Male) |
| 20:53 | Create | Villager (Male) ×3 |
| 21:38 | Create | Villager (Male) ×5 |
| 21:47 | Create | Villager (Male) |
| 21:48 | Create | Villager (Male) |
| 22:27 | Build | Castle |
| 22:42 | Build | Castle |
| 23:03 | Build | Farm |
| 23:07 | Build | Town Center |
| 23:13 | Create | Villager (Male) |
| 23:13 | Create | Villager (Male) ×5 |
| 23:18 | Build | House |
| 23:20 | Build | House |
| 23:21 | Build | House |
| 23:22 | Build | House |
| 23:23 | Build | House |
| 23:24 | Build | House |
| 23:24 | Build | House |
| 23:26 | Build | House |
| 23:27 | Build | House |
| 23:29 | Build | House |
| 23:51 | Build | Mining Camp |
| 24:02 | Research | Forging |
| 24:04 | Research | Scale Barding Armor |
| 24:15 | Create | War Elephant ×4 |
| 24:30 | Build | Farm |
| 24:31 | Build | Farm |
| 24:31 | Build | Farm |
| 24:31 | Build | Farm |
| 24:31 | Build | Farm |
| 24:31 | Build | Farm |
| 24:32 | Build | Farm |
| 24:32 | Build | Farm |
| 24:32 | Build | Farm |
| 24:40 | Create | Villager (Male) ×4 |
| 24:45 | Create | Villager (Male) |
| 25:08 | Create | Villager (Male) ×5 |
| 25:33 | Create | War Elephant |
| 26:06 | Research | Gold Shaft Mining |
| 26:10 | Research | Bow Saw |
| 26:26 | Build | House |
| 26:27 | Build | House |
| 26:27 | Build | House |
| 26:28 | Build | House |
| 26:29 | Build | House |
| 26:31 | Build | House |
| 26:31 | Build | House |
| 26:39 | Create | Villager (Male) |
| 26:41 | Research | Wheelbarrow |
| 26:45 | Build | Farm |
| 26:45 | Build | Farm |
| 26:46 | Build | Farm |
Build order — okarpit
First 150 of 470 actions detected
| 0:04 | Research | Loom |
| 0:04 | Create | Villager (Male) |
| 0:04 | Create | Villager (Male) |
| 0:04 | Create | Villager (Male) |
| 0:05 | Create | Villager (Male) |
| 0:06 | Build | House |
| 0:07 | Build | House |
| 0:08 | Build | House |
| 0:36 | Build | House |
| 2:00 | Create | Villager (Male) |
| 2:28 | Create | Villager (Male) |
| 2:28 | Create | Villager (Male) |
| 2:41 | Create | Villager (Male) |
| 2:41 | Create | Villager (Male) |
| 3:07 | Create | Villager (Male) |
| 3:29 | Create | Villager (Male) |
| 3:35 | Create | Villager (Male) |
| 4:11 | Create | Villager (Male) |
| 4:37 | Create | Villager (Male) |
| 4:37 | Create | Villager (Male) |
| 4:44 | Build | Mill |
| 5:16 | Build | Lumber Camp |
| 5:18 | Create | Villager (Male) |
| 5:32 | Create | Villager (Male) |
| 5:32 | Create | Villager (Male) |
| 5:58 | Create | Villager (Male) |
| 7:07 | Create | Villager (Male) |
| 7:26 | Create | Villager (Male) |
| 7:45 | Create | Villager (Male) |
| 8:01 | Build | House |
| 8:02 | Build | House |
| 8:14 | Create | Villager (Male) |
| 8:59 | Research | Feudal Age |
| 11:09 | Age | Feudal Age |
| 11:10 | Research | Town Watch |
| 11:13 | Research | Horse Collar |
| 11:24 | Create | Villager (Male) |
| 11:24 | Create | Villager (Male) |
| 11:39 | Build | Mining Camp |
| 11:43 | Create | Villager (Male) |
| 12:01 | Build | Market |
| 12:13 | Build | Blacksmith |
| 12:28 | Create | Villager (Male) |
| 12:29 | Create | Villager (Male) |
| 12:36 | Build | Farm |
| 12:38 | Build | Farm |
| 12:41 | Build | Farm |
| 12:44 | Build | Farm |
| 12:46 | Build | Farm |
| 12:49 | Build | Farm |
| 13:24 | Build | Farm |
| 13:38 | Create | Villager (Male) |
| 13:44 | Build | Farm |
| 13:47 | Build | Farm |
| 14:18 | Build | Farm |
| 14:42 | Research | Castle Age |
| 14:57 | Build | Farm |
| 15:03 | Build | Farm |
| 15:51 | Research | Gold Mining |
| 16:10 | Research | Double-Bit Axe |
| 16:53 | Build | Barracks |
| 17:21 | Research | Wheelbarrow |
| 17:22 | Age | Castle Age |
| 17:23 | Research | Heavy Plow |
| 17:26 | Research | Bow Saw |
| 17:29 | Create | Villager (Male) |
| 17:29 | Create | Villager (Male) |
| 17:54 | Build | Monastery |
| 17:59 | Create | Spearman |
| 17:59 | Create | Spearman |
| 18:18 | Build | House |
| 18:19 | Build | House |
| 18:23 | Create | Villager (Male) |
| 18:24 | Create | Villager (Male) |
| 18:35 | Create | Monk |
| 18:36 | Create | Monk |
| 19:04 | Build | Town Center |
| 19:07 | Create | Villager (Male) |
| 19:07 | Create | Villager (Male) |
| 19:25 | Research | Scale Mail Armor |
| 19:35 | Research | Stone Mining |
| 19:51 | Create | Monk |
| 20:31 | Research | Hand Cart |
| 20:33 | Create | Villager (Male) |
| 20:33 | Create | Villager (Male) |
| 20:58 | Build | Farm |
| 21:14 | Build | Farm |
| 21:52 | Create | Villager (Male) |
| 21:54 | Research | Gold Shaft Mining |
| 21:56 | Create | Villager (Male) |
| 22:01 | Create | Villager (Male) |
| 22:01 | Create | Villager (Male) |
| 22:07 | Build | Farm |
| 22:08 | Build | Farm |
| 22:23 | Build | House |
| 22:25 | Build | House |
| 22:26 | Build | House |
| 22:26 | Build | House |
| 22:31 | Create | Villager (Male) |
| 22:37 | Build | Town Center |
| 22:41 | Create | Villager (Male) |
| 22:41 | Create | Villager (Male) |
| 22:55 | Build | Mining Camp |
| 22:57 | Create | Villager (Male) |
| 23:05 | Research | Stone Shaft Mining |
| 23:29 | Create | Villager (Male) |
| 23:33 | Build | Farm |
| 23:35 | Create | Villager (Male) |
| 23:36 | Create | Villager (Male) |
| 23:54 | Build | Farm |
| 23:55 | Create | Villager (Male) |
| 24:01 | Build | Farm |
| 24:02 | Build | Farm |
| 24:03 | Build | Farm |
| 24:04 | Build | Farm |
| 24:06 | Build | Farm |
| 24:08 | Create | Villager (Male) |
| 24:08 | Create | Villager (Male) |
| 24:13 | Build | Farm |
| 24:19 | Create | Villager (Male) |
| 24:20 | Create | Villager (Male) |
| 24:20 | Create | Villager (Male) |
| 24:41 | Build | University |
| 24:48 | Create | Villager (Male) |
| 24:48 | Create | Villager (Male) |
| 24:55 | Build | Farm |
| 25:34 | Build | Farm |
| 25:38 | Build | Farm |
| 26:01 | Build | House |
| 26:01 | Build | House |
| 26:02 | Build | House |
| 26:03 | Build | House |
| 26:04 | Build | House |
| 26:25 | Research | Imperial Age |
| 26:28 | Create | Villager (Male) |
| 26:28 | Create | Villager (Male) |
| 26:40 | Create | Villager (Male) |
| 26:40 | Create | Villager (Male) |
| 26:56 | Create | Villager (Male) |
| 26:57 | Create | Villager (Male) |
| 26:57 | Create | Villager (Male) |
| 27:01 | Create | Villager (Male) |
| 27:01 | Create | Villager (Male) |
| 27:22 | Research | Ballistics |
| 27:28 | Build | Farm |
| 27:29 | Create | Villager (Male) |
| 27:32 | Create | Villager (Male) |
| 27:33 | Create | Villager (Male) |
| 27:50 | Research | Chain Mail Armor |
| 28:04 | Build | House |
Build order — 1lac
First 150 of 424 actions detected
| 0:00 | Create | Villager (Male) ×4 |
| 0:02 | Build | House |
| 0:03 | Build | House |
| 1:37 | Create | Villager (Male) |
| 1:37 | Create | Villager (Male) |
| 1:54 | Build | Lumber Camp |
| 1:59 | Create | Villager (Male) |
| 2:00 | Create | Villager (Male) |
| 2:21 | Create | Villager (Male) |
| 2:42 | Create | Villager (Male) |
| 2:42 | Create | Villager (Male) |
| 3:00 | Build | House |
| 3:10 | Create | Villager (Male) |
| 3:11 | Create | Villager (Male) |
| 3:11 | Create | Villager (Male) |
| 4:05 | Create | Villager (Male) |
| 4:05 | Create | Villager (Male) |
| 4:25 | Create | Villager (Male) |
| 4:38 | Build | Mill |
| 4:46 | Build | House |
| 4:55 | Create | Villager (Male) |
| 5:16 | Create | Villager (Male) |
| 5:16 | Create | Villager (Male) |
| 5:41 | Create | Villager (Male) |
| 5:42 | Create | Villager (Male) |
| 6:33 | Create | Villager (Male) |
| 6:56 | Build | Farm |
| 7:01 | Create | Villager (Male) |
| 7:19 | Build | Farm |
| 7:30 | Build | House |
| 7:37 | Build | Mining Camp |
| 7:50 | Create | Villager (Male) |
| 8:28 | Create | Villager (Male) |
| 8:46 | Research | Feudal Age |
| 10:35 | Create | Villager (Male) |
| 10:35 | Create | Villager (Male) |
| 11:03 | Age | Feudal Age |
| 11:04 | Build | Market |
| 11:05 | Build | Blacksmith |
| 12:00 | Research | Castle Age |
| 12:03 | Build | House |
| 12:14 | Build | Farm |
| 12:15 | Build | Farm |
| 12:33 | Build | House |
| 12:54 | Research | Double-Bit Axe |
| 12:57 | Research | Horse Collar |
| 13:07 | Build | Farm |
| 13:10 | Build | Farm |
| 13:35 | Build | House |
| 13:45 | Build | Farm |
| 14:03 | Build | House |
| 14:09 | Create | Villager (Male) |
| 14:40 | Age | Castle Age |
| 14:44 | Build | Town Center |
| 14:52 | Create | Villager (Male) |
| 15:02 | Build | Town Center |
| 15:22 | Create | Villager (Male) |
| 15:37 | Create | Villager (Male) |
| 15:56 | Build | Monastery |
| 15:57 | Create | Villager (Male) |
| 16:06 | Create | Villager (Male) |
| 16:07 | Create | Villager (Male) |
| 16:26 | Create | Villager (Male) |
| 16:27 | Create | Villager (Male) |
| 16:27 | Create | Villager (Male) |
| 16:27 | Create | Villager (Male) |
| 16:28 | Build | Farm |
| 16:31 | Build | Farm |
| 16:36 | Create | Villager (Male) |
| 16:58 | Create | Monk |
| 17:05 | Create | Villager (Male) |
| 17:08 | Build | Farm |
| 17:12 | Build | Farm |
| 17:16 | Create | Villager (Male) |
| 17:16 | Create | Villager (Male) |
| 17:19 | Build | Farm |
| 17:26 | Create | Villager (Male) |
| 17:27 | Create | Villager (Male) |
| 17:28 | Build | Farm |
| 17:32 | Build | Farm |
| 17:42 | Create | Villager (Male) |
| 17:43 | Create | Villager (Male) |
| 17:47 | Build | Farm |
| 17:52 | Create | Villager (Male) |
| 17:55 | Create | Monk |
| 18:06 | Create | Villager (Male) |
| 18:18 | Create | Villager (Male) |
| 18:22 | Build | Farm |
| 18:22 | Build | Farm |
| 18:22 | Build | Farm |
| 18:37 | Create | Villager (Male) |
| 18:37 | Create | Villager (Male) |
| 18:38 | Create | Villager (Male) |
| 18:39 | Build | Farm |
| 18:40 | Build | Farm |
| 18:40 | Create | Villager (Male) |
| 19:00 | Create | Villager (Male) |
| 19:00 | Create | Villager (Male) |
| 19:07 | Build | Mining Camp |
| 19:14 | Create | Villager (Male) |
| 19:15 | Create | Villager (Male) |
| 19:33 | Create | Villager (Male) |
| 19:33 | Create | Villager (Male) |
| 19:35 | Build | Farm |
| 19:37 | Build | Farm |
| 19:43 | Create | Villager (Male) |
| 19:45 | Build | House |
| 19:49 | Build | House |
| 19:50 | Build | House |
| 19:52 | Create | Villager (Male) |
| 20:03 | Create | Villager (Male) |
| 20:08 | Create | Villager (Male) |
| 20:11 | Build | Farm |
| 20:12 | Build | Farm |
| 20:12 | Build | Farm |
| 20:13 | Build | Farm |
| 20:18 | Create | Villager (Male) |
| 20:22 | Build | House |
| 20:23 | Build | House |
| 20:26 | Create | Villager (Male) |
| 20:47 | Build | Farm |
| 20:49 | Build | Farm |
| 20:58 | Create | Villager (Male) |
| 21:04 | Build | House |
| 21:07 | Create | Villager (Male) |
| 21:18 | Create | Villager (Male) |
| 21:19 | Create | Villager (Male) |
| 21:24 | Build | Mill |
| 21:26 | Create | Villager (Male) |
| 21:29 | Create | Villager (Male) |
| 21:40 | Build | House |
| 21:54 | Create | Villager (Male) |
| 21:54 | Create | Villager (Male) |
| 21:54 | Create | Villager (Male) |
| 22:16 | Create | Villager (Male) |
| 22:16 | Create | Villager (Male) |
| 22:16 | Create | Villager (Male) |
| 22:17 | Create | Villager (Male) |
| 22:19 | Build | Farm |
| 22:33 | Create | Villager (Male) |
| 22:40 | Build | University |
| 22:43 | Build | Mining Camp |
| 22:45 | Create | Villager (Male) |
| 22:48 | Create | Villager (Male) |
| 22:51 | Build | Farm |
| 23:03 | Create | Villager (Male) |
| 23:06 | Build | Farm |
| 23:15 | Build | House |
| 23:15 | Build | House |
| 23:18 | Build | House |
Match timeline
| 10:10 | hekanic · age_up feudal |
| 10:32 | evil monkey · age_up feudal |
| 10:47 | Yuanchi · age_up feudal |
| 11:03 | 1lac · age_up feudal |
| 11:09 | okarpit · age_up feudal |
| 12:01 | evil monkey · first_building Barracks |
| 13:27 | COCO · age_up feudal |
| 13:43 | COCO · first_building Barracks |
| 14:24 | COCO · first_building Stable |
| 14:25 | hekanic · first_building Barracks |
| 14:40 | 1lac · age_up castle |
| 15:01 | COCO · first_building Archery Range |
| 15:45 | hekanic · first_building Archery Range |
| 15:56 | 1lac · first_building Monastery |
| 16:53 | okarpit · first_building Barracks |
| 17:22 | okarpit · age_up castle |
| 17:23 | Yuanchi · age_up castle |
| 17:36 | COCO · age_up castle |
| 17:39 | 1lac · first_market_buy 100 food |
| 17:54 | okarpit · first_building Monastery |
| 18:38 | evil monkey · age_up castle |
| 19:36 | hekanic · first_building Stable |
| 20:27 | evil monkey · first_building Monastery |
| 22:27 | Yuanchi · first_building Castle |
| 22:43 | hekanic · age_up castle |
| 23:59 | 1lac · first_building Barracks |
| 24:40 | COCO · first_building Monastery |
| 24:51 | hekanic · first_building Castle |
| 25:21 | COCO · first_building Castle |
| 26:03 | evil monkey · first_building Siege Workshop |
| 26:22 | 1lac · first_building Castle |
| 26:27 | evil monkey · first_building Stable |
| 27:28 | 1lac · first_building Siege Workshop |
| 27:34 | 1lac · age_up imperial |
| 28:31 | okarpit · first_building Castle |
| 29:16 | evil monkey · first_building Archery Range |
| 29:35 | okarpit · age_up imperial |
| 30:37 | evil monkey · first_building Castle |
| 31:37 | Yuanchi · age_up imperial |
| 32:26 | 1lac · wall_segment Stone Wall x1 |
| 32:33 | COCO · age_up imperial |
| 32:43 | 1lac · wall_segment Stone Wall x1 |
| 32:46 | 1lac · wall_segment Stone Wall x1 |
| 32:48 | 1lac · wall_segment Stone Wall x1 |
| 32:50 | evil monkey · age_up imperial |
| 33:39 | hekanic · age_up imperial |
| 35:08 | okarpit · first_market_buy 100 food |
| 35:52 | hekanic · first_building Siege Workshop |
| 36:16 | Yuanchi · first_building Barracks |
| 37:17 | evil monkey · first_market_sell 100 wood |
| 37:29 | okarpit · first_building Archery Range |
| 39:13 | 1lac · first_building Stable |
| 39:57 | Yuanchi · first_building Stable |
| 40:03 | okarpit · first_building Siege Workshop |
| 42:19 | Yuanchi · first_building Archery Range |
| 44:52 | 1lac · first_building Archery Range |
| 50:09 | Yuanchi · first_building Siege Workshop |
| 51:14 | 1lac · tribute_sent a jugador 1 |
| 51:14 | 1lac · tribute_sent a jugador 2 |
| 51:14 | 1lac · tribute_sent a jugador 3 |
| 51:14 | 1lac · tribute_sent a jugador 4 |
| 51:14 | 1lac · tribute_sent a jugador 5 |
| 51:46 | okarpit · first_market_sell 100 wood |
| 53:45 | COCO · first_building Siege Workshop |
| 55:15 | hekanic · resign |
[ AI ANALYSIS · 1 CREDIT ]
What really happened in this match?
Wolo.gg analyzes every decision: build order, eco, micro, common mistakes by bracket. Personalized analysis on WhatsApp or Discord in 30 seconds.
Civ guide
Poles
Map guide
Arena
Perfil
Jugador #9353421